 Dungeon Crawl Stone Soup version 0.29-a0-1052-g6990b1bffc (webtiles) character file.

Game seed: 10189542155210398158

78 ragingrage the Chopper (level 4, 0/39 HPs)
             Began as a Minotaur Delver on Aug 17, 2022.
             Slain by a gnoll
             ... wielding a +0 whip
              (8 damage)
             ... on level 2 of the Dungeon.
             The game lasted 00:01:27 (1742 turns).

ragingrage the Chopper (Minotaur Delver)            Turns: 1742, Time: 00:01:28

Health: 0/39       AC:  3    Str: 19    XL:     4   Next: 15%
Magic:  3/3        EV: 11    Int:  7    God:
Gold:   107        SH:  0    Dex: 11    Spells: 3/3 levels left

rFire   . . .      SeeInvis .   m - +2 short sword (freeze)
rCold   . . .      Faith    .   (no shield)
rNeg    . . .      Spirit   .   b - +0 leather armour
rPois   .          Reflect  .   (helmet restricted)
rElec   .          Harm     .   (no cloak)
rCorr   .          Rampage  .   (no gloves)
Will    .....                   (no boots)
Stlth   ++........              (no amulet)
HPRegen 0.13/turn               (no ring)
MPRegen 0.08/turn               (no ring)

@: brilliant, attractive, flying
A: horns 2, retaliatory headbutt
a: no special abilities


You were on level 2 of the Dungeon.
You visited 1 branch of the dungeon, and saw 6 of its levels.

You collected 107 gold pieces.

Inventory:

Hand Weapons
 a - a +0 hand axe
 m - a +2 short sword of freezing (weapon)
Missiles
 l - 2 poisoned darts (quivered)
Armour
 b - a +0 leather armour (worn)
Wands
 g - a wand of digging (3)
Scrolls
 c - 2 scrolls of fog
 d - a scroll of magic mapping
 e - a scroll of fear
 i - 4 scrolls of identify {unknown}
 n - a scroll of poison {unknown}
 p - a scroll of summoning {unknown}
 q - a scroll of noise {unknown}
 r - a scroll of amnesia {unknown}
Potions
 f - a potion of haste


   Skills:
 - Level 3.6 Fighting
 + Level 5.4 Axes
 - Level 2.1 Dodging
 - Level 4.1 Stealth


You had 3 spell levels left.
You didn't know any spells.
Your spell library contained the following spells:

 Spells                   Type           Power      Damage    Failure   Level
 Apportation              Tloc           0%         N/A       50%         1
 Beastly Appendage        Tmut           0%         N/A       50%         1
 Necrotise                Necr           0%         1d4       50%         1
 Shock                    Conj/Air       0%         1d3       50%         1
 Summon Small Mammal      Summ           0%         N/A       50%         1
 Wereblood                Tmut           0%         N/A       63%         2
 Spider Form              Tmut/Pois      0%         N/A       86%         3
 Swiftness                Air            0%         N/A       86%         3
 Airstrike                Air            0%         2d(0-16)  99%         4
 Alistair's Intoxication  Tmut/Pois      0%         N/A       100%        5


Dungeon Overview and Level Annotations

Branches:
Dungeon (6/15)
 Temple: D:4-7

Altars:


Innate Abilities, Weirdness & Mutations

You have a pair of horns on your head.
You reflexively headbutt those who attack you in melee.


Message History

You closely miss the gnoll. The gnoll barely misses you.
You hit the gnoll. You freeze the gnoll.
The gnoll is moderately wounded.
The gnoll hits you with a +0 spear!
You hit the gnoll. You freeze the gnoll. You headbutt the gnoll.
The gnoll is almost dead.
The gnoll completely misses you.
You hit the gnoll but do no damage.
The gnoll is almost dead.
The gnoll hits you with a +0 spear. The gnoll closely misses you.
You barely miss the gnoll.
The gnoll is almost dead.
The gnoll completely misses you.
You hit the gnoll. You freeze the gnoll.
You kill the gnoll!
You have reached level 4!
You feel stronger.
It was a potion of magic.
Magic courses through your body. The gnoll hits you with a +0 club.
* * * LOW HITPOINT WARNING * * *
It was a potion of flight.
You feel very buoyant.
You fly up into the air.
The gnoll closely misses you.
It was a potion of attraction.
You feel attractive to monsters. The gnoll barely misses you.
It was a potion of brilliance.
You feel clever all of a sudden. The gnoll closely misses you.
You furiously retaliate!
You headbutt the gnoll.
Unknown command.
You hit the gnoll. You freeze the gnoll. You headbutt the gnoll.
You kill the gnoll!
The kobold throws a stone.
The stone hits you but does no damage. The kobold is attracted toward you.
The gnoll is attracted toward you.
You hit the kobold. You freeze the kobold.
You kill the kobold!
You completely miss the gnoll. The gnoll hits you with a +0 whip.
* * * LOW HITPOINT WARNING * * *
You barely miss the gnoll. The gnoll hits you with a +0 whip!
You die...

#......###.......## #..##
##...#.##....(....####...#####
#.................+...........
##....#.##.........####....>###
##.#..##.###.......## ##.##.#
#.###....# #......## ####.#
##.#..######.#...## #.#
##.#........##'## #.#
#.###########@# #.# #.# #g# #.#
... ##.## #.# ##.ยง.## #..
#.....# ### ##...## ##.##
#.###.####.# #........gg#


You could see a gnoll.

Vanquished Creatures
  2 gnolls (D:2)
  An adder (D:2)
  A dart slug (D:1)
  An orc (D:4)
  2 ball pythons (D:2)
  2 endoplasms (D:2)
  4 giant cockroaches
  2 goblins (D:1)
  8 hobgoblins
  2 jackals (D:1)
  6 kobolds
  2 quokkas
  4 bats
  4 frilled lizards
  6 rats
47 creatures vanquished.

Vanquished Creatures (others)
  2 plants (D:5)
2 creatures vanquished.

Grand Total: 49 creatures vanquished

Notes
Turn   | Place    | Note
-------+----------+-------------------------------------------
     0 | D:5      | ragingrage the Minotaur Delver began the quest for the Orb.
     0 | D:5      | Reached XP level 1. HP: 19/19 MP: 0/0
    13 | D:5      | Noticed a necrophage
    42 | D:6      | Noticed a water moccasin
    54 | D:5      | Noticed a centaur
   147 | D:2      | Reached skill level 3 in Axes
   168 | D:2      | Reached XP level 2. HP: 26/26 MP: 1/1
   429 | D:1      | Reached skill level 4 in Axes
   465 | D:1      | Found a faded altar of an unknown god.
   476 | D:1      | Got Plato's Catalogue of Evil Rituals
   542 | D:1      | Reached XP level 3. HP: 19/31 MP: 2/2
  1607 | D:2      | Reached skill level 5 in Axes
  1735 | D:2      | Reached XP level 4. HP: 13/39 MP: 3/3
  1742 | D:2      | Slain by a gnoll

Illustrated notes

Levels and vault maps discovered:
D:1:      saegor_arrival_simple_c, layout_basic,
          shapermc_ecumenical_altar_rom_forum
D:2:      layout_loops_corners, basic_altar, minmay_lizard_king
D:3:      layout_loops_cross, uniq_sigmund
D:4:      minmay_chambers_of_fours, layout_basic,
          minmay_temple_entry_antechambers, ebering_ghost_reflecting_pool
D:5:      layout_basic, serial_shops, nicolae_lakefront_shop,
          kb_lookout_dungeons_type, serial_bayou_crossing, uniq_eustachio
D:6:      layout_rooms, minitemple, nicolae_overflow_hidden_temple,
          nicolae_qazlal_general_emergency, serial_shops, shop,
          hangedman_decor_opposing, corner_web_ring

Skill      XL: |  1  2  3 |
---------------+----------+-----
Axes           | 3 4 5 |  5.4
Fighting       | |  3.6
Dodging        | |  2.1
Stealth        | |  4.1

Action                   |  1- 3 |  4- 6 || total
-------------------------+-------+-------++-------
Melee: Hand axe          |    58 |       ||    58
       Headbutt          |    11 |     1 ||    12
       Short sword       |    24 |     4 ||    28
  Use: Potion            |       |     4 ||     4
 Stab: Sleeping          |     5 |       ||     5
       Distracted        |     1 |       ||     1
Armor: Leather armour    |    31 |     1 ||    32
Dodge: Dodged            |    42 |     3 ||    45

Table legend: (Time is in decaauts)
 A = Elapsed time spent in this place.
 B = Non-inter-level travel time spent in this place.
 C = Inter-level travel time spent in this place.
 D = Time resting spent in this place.
 E = Time spent auto-exploring this place.
 F = Levels seen in this place.
 G = Mean time per level.
                   A        B        C        D        E       F      G
               +--------+--------+--------+--------+--------+-----+--------+
         Total |   1749 |   1651 |     98 |     51 |   1275 |   6 |  291.5 |
       Dungeon |   1749 |   1651 |     98 |     51 |   1275 |   6 |  291.5 |
               +--------+--------+--------+--------+--------+-----+--------+

Top non-repeatable levels by time:
     D:1: 959 daAuts
     D:2: 648 daAuts
     D:3: 72 daAuts
     D:5: 58 daAuts
     D:4: 10 daAuts
     D:6: 1 daAuts
